 Dungeon Crawl Stone Soup version 0.29-a0-1027-gcd8c55af63 (webtiles) character file.

Game seed: 2198822114353121183

5 Sobieck the Grave Robber (level 1, 0/13 HPs)
             Began as a Mummy Necromancer on Aug 12, 2022.
             Slain by a jackal (2 damage)
             ... on level 1 of the Dungeon.
             The game lasted 00:01:04 (147 turns).

Sobieck the Grave Robber (Mummy Necromancer)         Turns: 147, Time: 00:01:05

Health: 0/13       AC:  2    Str: 11    XL:     1   Next: 66%
Magic:  0/4        EV: 12    Int: 14    God:
Gold:   0          SH:  0    Dex: 12    Spells: 4/5 levels left

rFire   x . .      SeeInvis .   (no weapon)
rCold   + . .      Faith    .   (no shield)
rNeg    + + +      Spirit   .   a - +0 robe
rPois   ∞          Reflect  .   (no helmet)
rElec   .          Harm     .   (no cloak)
rCorr   .          Rampage  .   (no gloves)
Will    .....                   (no boots)
Stlth   ++........              (no amulet)
HPRegen 0.04/turn               (no ring)
MPRegen 0.09/turn               (no ring)

@: no status effects
A: cold resistance 1, negative energy resistance 3, torment resistance 2, heat
vulnerability 1, no potions
a: no special abilities


You were on level 1 of the Dungeon.
You visited 1 branch of the dungeon, and saw 1 of its levels.


Innate Abilities, Weirdness & Mutations

You are immune to poison.
Your flesh is cold resistant. (rC+)
You are immune to negative energy. (rN+++)
You are immune to unholy pain and torment.
You are vulnerable to heat. (rF-)
You do not drink.


   Skills:
 - Level 1.5 Dodging
 - Level 1.5 Stealth
 + Level 2.9 Spellcasting
 * Level 4.2 Necromancy


You had 4 spell levels left.
You knew the following spells:

 Your Spells              Type           Power      Damage    Failure   Level
a - Necrotise             Necr           52%        1d6       3%          1

Your spell library contained the following spells:

 Spells                   Type           Power      Damage    Failure   Level
 Vampiric Draining        Necr           13%        2d6       12%         3
 Animate Dead             Necr           13%        N/A       36%         4
 Agony                    Necr           13%        N/A       71%         5

Inventory:

Armour
 a - a +0 robe (worn)

Dungeon Overview and Level Annotations

Branches:
Dungeon (1/15) Zot: 5852

Altars:

##8.8#..##.....##......##
##....'..##.....##......##
♣##.....#...................
♣#...>..+...................
♣##.....#...................
##....'..##.....##......##
##8.8#..##.....##......##
#####...................
#..@................
#.h################# #.Z#
♣♣♣♣♣♣ ♣♣♣♣♣♣ #..###########
#..'.#.......#
####...#####'#
#########.#######
....?h.Z........
####.h.)....###


You could see a jackal (ally target) and a friendly jackal skeleton.


Message History

The jackal barely misses your jackal skeleton.
The jackal closely misses you. The jackal bites your jackal skeleton.
Your jackal skeleton misses the jackal.
The jackal bites you.
There is an open door here.
Unknown command.
The jackal attacks as you move away!
The jackal bites you but does no damage.
The jackal attacks as you move away! The jackal closely misses you.
The jackal barely misses you. The jackal attacks as you move away!
The jackal bites you but does no damage.
Unknown command.
You miscast Necrotise.
You are very lightly contaminated with residual magic.
Nothing appears to happen.
The jackal barely misses you. The jackal bites you.
Casting: Necrotise (safe; 4% risk of failure)
Confirm with . or Enter, or press ? or * to list all spells.
You don't have enough magic to cast this spell.
You hit the jackal.
The jackal bites you but does no damage.
You closely miss the jackal. The jackal barely misses you.
The jackal closely misses you.
You hit the jackal. The jackal bites you.
Unknown command.
You barely miss the jackal. The jackal barely misses you.
The jackal misses you.
Unknown command.
You closely miss the jackal. The jackal misses you.
Your magical contamination has completely faded away.
Unknown command.
Unknown command.
You closely miss the jackal. You punch the jackal, but do no damage.
The jackal bites you.
Unknown command.
Unknown command.
You barely miss the jackal. The jackal barely misses you. The jackal bites you.
* * * LOW HITPOINT WARNING * * *
Unknown command.
Casting: Necrotise (safe; 4% risk of failure)
Confirm with . or Enter, or press ? or * to list all spells.
Aiming: Necrotise (safe; 4% risk of failure)
Press: ? - help, Shift-Dir - straight line, f/p - jackal
Aim: a jackal (heavily wounded, chance to affect: 83%)
The jackal writhes in agony.
The jackal closely misses you.
Unknown command.
You closely miss the jackal. The jackal misses you.
The jackal closely misses you.
You hit the jackal.
You kill the jackal!
You hit the jackal but do no damage.
The jackal bites you but does no damage.
You hit the jackal. The jackal closely misses you.
The jackal barely misses you.
Unknown command.
There are monsters nearby!
Unknown command.
You can't drink.
Unknown command.
The jackal closely misses you.
Unknown command.
Unknown command.
The jackal attacks as you move away! The jackal barely misses you.
There is an open door here.
The jackal barely misses you. The jackal bites you.
* * * LOW HITPOINT WARNING * * *
Unknown command.
You are too injured to fight recklessly!
Unknown command.
Casting: Necrotise (safe; 4% risk of failure)
Confirm with . or Enter, or press ? or * to list all spells.
Aiming: Necrotise (safe; 4% risk of failure)
Press: ? - help, Shift-Dir - straight line, f - jackal
Aim: a jackal (moderately wounded, chance to affect: 83%)
The jackal writhes in agony.
You kill the jackal!
The dead are walking!
The jackal closely misses you.
Unknown command.
You hit the jackal. The jackal barely misses you.
Unknown command.
The jackal bites you but does no damage.
You hit the jackal but do no damage.
Your jackal skeleton closely misses the jackal.
The jackal bites you.
* * * LOW HITPOINT WARNING * * *
Unknown command.
You closely miss the jackal. The jackal barely misses you.
Your jackal skeleton barely misses the jackal.
The jackal bites you.
* * * LOW HITPOINT WARNING * * *
Unknown command.
Unknown command.
You barely miss the jackal.
Your jackal skeleton closely misses the jackal.
The jackal closely misses you.
Your jackal skeleton closely misses the jackal.
Unknown command.
Unknown command.
You hit the jackal but do no damage. The jackal bites you.
You die...

Action                   || total
-------------------------++-------
Melee: Unarmed           ||    16
       Punch             ||     1
 Cast: Necrotise         ||    10
Armor: Robe              ||     5
Dodge: Dodged            ||    23

Levels and vault maps discovered:
D:1:      beargit_arrival_diablo_church, layout_basic

Notes
Turn   | Place    | Note
-------+----------+-------------------------------------------
     0 | D:1      | Sobieck the Mummy Necromancer began the quest for the Orb.
     0 | D:1      | Reached XP level 1. HP: 13/13 MP: 4/4
   144 | D:1      | HP: 3/13 [jackal (1)]
   147 | D:1      | Slain by a jackal

Vanquished Creatures
  3 jackals (D:1)
  A frilled lizard (D:1)
  A rat (D:1)
5 creatures vanquished.

Table legend:
 A = Non-vault XP
 B = Vault XP
 C = Vault XP percentage of total XP
 D = Non-vault monster count
 E = Vault monster count
 F = Vault count percentage of total count
                 A         B        C        D         E       F
            +---------+---------+-------+---------+---------+-------
      Total |       7 |       1 |  12.5 |       4 |       1 |  20.0
            +---------+---------+-------+---------+---------+-------
        D:1 |       7 |       1 |  12.5 |       4 |       1 |  20.0
            +---------+---------+-------+---------+---------+-------

Illustrated notes

Table legend:
 A = Kills in this place as a percentage of kills in entire the game.
 B = Kills by you in this place as a percentage of kills by you in the entire game.
 C = Kills by friends in this place as a percentage of kills by friends in the entire game.
 D = Other kills in this place as a percentage of other kills in the entire game.
 E = Experience gained in this place as a percentage of experience gained in the entire game.
 F = Experience gained in this place divided by the number of levels of this place that you have seen.
                   A       B       C       D       E      F
               +-------+-------+-------+-------+-------+----------------------
         Total | 100.0 | 100.0 |   N/A |   N/A | 100.0 |   8.0
       Dungeon | 100.0 | 100.0 |   N/A |   N/A | 100.0 |   8.0
               +-------+-------+-------+-------+-------+----------------------

Table legend: (Time is in decaauts)
 A = Elapsed time spent in this place.
 B = Non-inter-level travel time spent in this place.
 C = Inter-level travel time spent in this place.
 D = Time resting spent in this place.
 E = Time spent auto-exploring this place.
 F = Levels seen in this place.
 G = Mean time per level.
                   A        B        C        D        E       F      G
               +--------+--------+--------+--------+--------+-----+--------+
         Total |    147 |    147 |      0 |      0 |     98 |   1 |  147.0 |
       Dungeon |    147 |    147 |      0 |      0 |     98 |   1 |  147.0 |
               +--------+--------+--------+--------+--------+-----+--------+

Top non-repeatable levels by time:
     D:1: 147 daAuts
